 Dungeon Crawl Stone Soup version 0.24-a0-778-g74da537585 (webtiles) character file.

Game seed: 12978238102504982347, levelgen mode: deterministic

13769 Kohma the Thaumaturge (level 12, 0/93 HPs)
             Began as a Gnoll Skald on Oct 7, 2019.
             Was an Initiate of Gozag.
             Slain by an 11-headed hydra (13 damage)
             ... on level 11 of the Dungeon.
             The game lasted 00:37:22 (12322 turns).

Kohma the Thaumaturge (Gnoll Skald)                Turns: 12322, Time: 00:37:23

Health: 0/93       AC: 17    Str: 25    XL:     12   Next: 9%
Magic:  33/33      EV: 17    Int: 16    God:    Gozag
Gold:   2383       SH:  0    Dex: 15    Spells: 8/28 levels left

rFire    + . .     SeeInvis .   G - +7 broad axe "Uneva Lygg" {freeze, rPois rN++ MR- Str+2}
rCold    . . .     Gourm    .   (no shield)
rNeg     + + .     Faith    .   q - +3 ring mail {rF+}
rPois    +         Spirit   .   D - +1 hat {Int+3}
rElec    .         Reflect  .   a - +2 cloak of the Fisher {Str+5 Int-3}
rCorr    .         Harm     .   (no gloves)
MR       .....                  l - +2 pair of boots
Stlth    +++.......             (no amulet)
HPRegen  0.25/turn              b - +1 ring of evasion
MPRegen  0.23/turn              Q - ring of magical power

@: no status effects
A: distributed training, fangs 1, strong nose
a: Potion Petition, Call Merchant, Bribe Branch, Renounce Religion


You were on level 11 of the Dungeon.
You worshipped Gozag.
Gozag was most pleased with you.
You were not hungry.

You visited 2 branches of the dungeon, and saw 12 of its levels.

You collected 2502 gold pieces.
You spent 70 gold pieces at shops.
You paid 49 gold pieces to Gozag.

Inventory:

Hand Weapons
 h - a +1 spear of piercing
 m - a +5 hunting sling of flaming
 E - a +0 shortbow
 G - the +7 broad axe "Uneva Lygg" (weapon) {freeze, rPois rN++ MR- Str+2}
   (You found it on level 6 of the Dungeon)

   It has been specially enchanted to freeze those struck by it, causing extra
   injury to most foes and up to half again as much damage against particularly
   susceptible opponents.
   It can also slow down cold-blooded creatures.
   It affects your strength (+2).
   It protects you from poison.
   It greatly protects you from negative energy.
   It affects your resistance to hostile enchantments.
Missiles
 j - 541 stones
 o - 30 poisoned darts
 p - 4 boomerangs of dispersal
 u - 112 sling bullets
 v - 3 throwing nets (quivered)
 F - 112 arrows
 H - 5 javelins
Armour
 a - the +2 cloak of the Fisher (worn) {Str+5 Int-3}
   (You acquired it on level 10 of the Dungeon)

   It affects your strength (+5).
   It affects your intelligence (-3).
 l - a +2 pair of boots (worn)
 n - a +0 shield
 q - a +3 ring mail of fire resistance (worn)
 D - a +1 hat of intelligence (worn)
 M - a +1 large shield of poison resistance
Jewellery
 b - a +1 ring of evasion (left hand)
 Q - a ring of magical power (right hand)
Wands
 t - a wand of acid (20)
 w - a wand of iceblast (9)
 I - a wand of random effects (18)
 J - a wand of flame (10)
 L - a wand of polymorph (11)
 P - a wand of digging (4)
Scrolls
 f - a scroll of enchant weapon
 k - 3 scrolls of fog
 r - 5 scrolls of teleportation
 s - a scroll of magic mapping
 y - 3 scrolls of remove curse
 C - a scroll of immolation
 K - a scroll of enchant armour
Potions
 c - a potion of brilliance
 e - 4 potions of curing
 g - 2 potions of might
 i - a potion of lignification
 x - a potion of berserk rage
 z - 3 potions of heal wounds
 A - a potion of haste
 B - 2 potions of flight
 O - a potion of resistance
Comestibles
 d - 12 rations


   Skills:
 + Level 8.3 Fighting
 + Level 6.8 Short Blades
 + Level 8.3 Long Blades
 + Level 6.8 Axes
 + Level 6.8 Maces & Flails
 + Level 6.8 Polearms
 + Level 6.8 Staves
 + Level 6.8 Slings
 + Level 6.8 Bows
 + Level 6.8 Crossbows
 + Level 6.8 Throwing
 + Level 7.3 Armour
 + Level 8.3 Dodging
 + Level 6.8 Stealth
 + Level 6.8 Shields
 + Level 6.8 Unarmed Combat
 + Level 8.5 Spellcasting
 + Level 5.6 Conjurations
 + Level 5.6 Hexes
 + Level 8.0 Charms
 + Level 5.6 Summonings
 + Level 5.6 Necromancy
 + Level 5.6 Translocations
 + Level 5.6 Transmutations
 + Level 5.6 Fire Magic
 + Level 5.6 Ice Magic
 + Level 5.6 Air Magic
 + Level 5.6 Earth Magic
 + Level 5.6 Poison Magic
 + Level 7.5 Invocations
 + Level 6.8 Evocations


You had 8 spell levels left.
You knew the following spells:

 Your Spells              Type           Power        Failure   Level  Hunger
a - Infusion              Chrm           ####         1%          1    None
b - Song of Slaying       Chrm           ####....     1%          2    None
c - Call Imp              Summ           ###.....     2%          2    None
d - Regeneration          Chrm/Necr      ####......   2%          3    #......
e - Shroud of Golubria    Chrm/Tloc      ####..       1%          2    None
f - Apportation           Tloc           ###...       1%          1    None
g - Spectral Weapon       Hex/Chrm       ####....     2%          3    #......
h - Summon Lightning Spi  Summ/Air       ###.....     16%         4    ###....
i - Blink                 Tloc           N/A          2%          2    None

Your spell library contained the following spells:

 Spells                   Type           Power        Failure   Level  Hunger
 Animate Skeleton         Necr           N/A          1%          1    None
 Confusing Touch          Hex            ###...       1%          1    None
 Magic Dart               Conj           ###.         1%          1    None
 Summon Small Mammal      Summ           ###.         1%          1    None
 Slow                     Hex            ###.....     2%          2    None
 Call Canine Familiar     Summ           ###.....     4%          3    #......
 Conjure Flame            Conj/Fire      ###.....     4%          3    #......
 Mephitic Cloud           Conj/Pois/Air  ###.....     4%          3    #......
 Summon Guardian Golem    Hex/Summ       ###.....     4%          3    #......
 Ice Form                 Ice/Tmut       ###.....     16%         4    ###....
 Summon Ice Beast         Ice/Summ       ###.....     16%         4    ###....
 Alistair's Intoxication  Tmut/Pois      ###.....     38%         5    #####..
 Disjunction              Tloc           ###.......   100%        8    #######


Dungeon Overview and Level Annotations

Branches:
Dungeon (11/15)            Temple (1/1) D:6            Lair (0/6) D:10
    Orc: D:9-12

Altars:
Ashenzari
Cheibriados
Dithmenos
Elyvilon
Fedhas
Gozag
Hepliaklqana
Kikubaaqudgha
Makhleb
Nemelex Xobeh
Okawaru
Qazlal
Ru
Sif Muna
Trog
Uskayaw
Vehumet
Wu Jian
Xom
Yredelemnul
Zin
The Shining One

Shops:
D:5 [   D:7 !   D:8 (


Innate Abilities, Weirdness & Mutations

Your experience applies equally to all skills.
You have very sharp teeth.
Your uncanny sense of smell can sniff out nearby items.


Message History

The 11-headed hydra misses you.
The 11-headed hydra bites you but does no damage. x4
The 11-headed hydra closely misses you.
The 11-headed hydra bites you but does no damage. x2
The 11-headed hydra bites you!
* * * LOW HITPOINT WARNING * * *
The 11-headed hydra closely misses you. The 11-headed hydra barely misses you.
Evoke which item? (* to show all) (? for menu, Esc to quit)
Aiming: Corrosive Bolt
Press: ? - help, Shift-Dir - straight line, f - 11-headed hydra
Aim: an 11-headed hydra (severely wounded, slow)
The bolt of acid hits the 11-headed hydra!
The 11-headed hydra is splashed with acid.
The acid corrodes the 11-headed hydra!
The 11-headed hydra is almost dead.
The 11-headed hydra bites you!
* * * LOW HITPOINT WARNING * * *
The 11-headed hydra misses you. x3; The 11-headed hydra bites you!
You die...
Your body crumbles into a pile of gold.

∆
#####+###
#.......#
$
+..D@...+
#.......#
#.......#
#......<#
#.......#
#.......#
#.......#
#.......#
#.......#


You could see a 11-headed hydra.

Vanquished Creatures
  Gastronok (D:8)
  Erolcha (D:10)
  A two-headed ogre (D:10)
  Pikel (D:5)
  A deep elf mage (D:10)
  An orc sorcerer (D:10)
  A cyclops (D:10)
  2 ugly things (D:10)
  Joseph (D:8)
  A centaur zombie (D:9)
  A kobold demonologist (D:10)
  2 trolls
  2 hippogriffs
  6 yaks
  2 wyverns
  A human (D:8)
  4 hogs (D:8)
  Menkaure (D:4)
  5 ice beasts
  2 orc warriors
  2 sky beasts
  2 black bears
  3 necrophages
  2 ogres
  4 phantoms
  A crocodile (D:10)
  3 centaurs
  4 big kobolds (D:4)
  3 bullfrogs
  A scorpion (D:10)
  A wyvern skeleton (D:8)
  9 killer bees
  3 wights (D:8)
  6 crimson imps
  A bullfrog zombie (D:7)
  2 howler monkeys
  2 bullfrog skeletons (D:7)
  10 orc wizards
  3 hounds
  A jelly (D:5)
  2 orc priests
  Natasha (thrice) (D:2)
  Ijyb (D:4)
  8 worker ants
  2 howler monkey zombies
  4 gnolls
  Robin (D:3)
  11 adders
  2 howler monkey skeletons
  A river rat (D:3)
  A shadow imp (D:8)
  2 adder skeletons
  2 worms (D:2)
  2 dart slugs
  7 leopard geckos
  28 orcs
  A ball python (D:7)
  7 bats
  7 giant cockroaches
  20 goblins
  8 hobgoblins
  2 jackals (D:2)
  5 quokkas
  5 frilled lizards
  A jackal zombie (D:6)
  45 kobolds
  A leopard gecko skeleton (D:6)
  A leopard gecko zombie (D:7)
  2 quokka skeletons (D:5)
  A quokka zombie (D:6)
  9 rats
292 creatures vanquished.

Vanquished Creatures (collateral kills)
  Sigmund (D:6)
  An orc warrior (D:10)
  A bullfrog (D:10)
  A quasit (D:10)
4 creatures vanquished.

Vanquished Creatures (others)
  An adder (D:5)
  3 spectral weapons
4 creatures vanquished.

Grand Total: 300 creatures vanquished

Notes
Turn   | Place    | Note
-------+----------+-------------------------------------------
     0 | D:1      | Kohma the Gnoll Skald began the quest for the Orb.
     0 | D:1      | Reached XP level 1. HP: 20/20 MP: 6/6
    16 | D:1      | Reached XP level 2. HP: 24/26 MP: 1/7
   540 | D:1      | Reached XP level 3. HP: 31/31 MP: 9/9
   745 | D:2      | Reached skill level 5 in Spellcasting
   784 | D:2      | Reached skill level 1 in Invocations
  1157 | D:2      | Reached skill level 1 in Short Blades
  1157 | D:2      | Reached skill level 1 in Axes
  1157 | D:2      | Reached skill level 1 in Maces & Flails
  1157 | D:2      | Reached skill level 1 in Polearms
  1157 | D:2      | Reached skill level 1 in Staves
  1157 | D:2      | Reached skill level 1 in Slings
  1157 | D:2      | Reached skill level 1 in Bows
  1157 | D:2      | Reached skill level 1 in Crossbows
  1157 | D:2      | Reached skill level 1 in Throwing
  1157 | D:2      | Reached skill level 1 in Stealth
  1157 | D:2      | Reached skill level 1 in Shields
  1157 | D:2      | Reached skill level 1 in Unarmed Combat
  1157 | D:2      | Reached skill level 1 in Evocations
  1167 | D:2      | Reached XP level 4. HP: 38/38 MP: 11/11
  1678 | D:3      | Noticed Robin
  1678 | D:3      | Noticed Natasha
  1695 | D:2      | Killed Natasha
  1695 | D:2      | Reached skill level 1 in Conjurations
  1695 | D:2      | Reached skill level 1 in Hexes
  1695 | D:2      | Reached skill level 1 in Summonings
  1695 | D:2      | Reached skill level 1 in Necromancy
  1695 | D:2      | Reached skill level 1 in Translocations
  1695 | D:2      | Reached skill level 1 in Transmutations
  1695 | D:2      | Reached skill level 1 in Fire Magic
  1695 | D:2      | Reached skill level 1 in Ice Magic
  1695 | D:2      | Reached skill level 1 in Air Magic
  1695 | D:2      | Reached skill level 1 in Earth Magic
  1695 | D:2      | Reached skill level 1 in Poison Magic
  1698 | D:2      | Reached XP level 5. HP: 26/43 MP: 6/12
  1999 | D:2      | Noticed Natasha
  2017 | D:2      | Killed Natasha
  2205 | D:2      | Noticed Natasha
  2211 | D:2      | Killed Natasha
  2593 | D:2      | Learned a level 2 spell: Song of Slaying
  2671 | D:3      | Killed Robin
  2988 | D:3      | Reached XP level 6. HP: 21/50 MP: 11/13
  3474 | D:3      | Reached skill level 5 in Fighting
  3474 | D:3      | Reached skill level 5 in Long Blades
  3474 | D:3      | Reached skill level 5 in Dodging
  3666 | D:3      | Found an opulent altar of Gozag.
  3668 | D:3      | Found a glowing silver altar of Zin.
  3685 | D:3      | Became a worshipper of Gozag Ym Sagoz the Greedy
  4106 | D:4      | Noticed Menkaure
  4343 | D:4      | HP: 2/51 [Menkaure/nerve-wracking pain (8)]
  4344 | D:4      | Killed Menkaure
  4344 | D:4      | Reached XP level 7. HP: 3/56 MP: 10/15
  4675 | D:4      | Found an iron altar of Okawaru.
  4687 | D:4      | Learned a level 2 spell: Call Imp
  4691 | D:4      | Learned a level 3 spell: Regeneration
  4695 | D:4      | Noticed Ijyb
  4723 | D:4      | Killed Ijyb
  4800 | D:4      | Found a snail-covered altar of Cheibriados.
  5208 | D:4      | Learned a level 2 spell: Shroud of Golubria
  5537 | D:4      | Reached XP level 8. HP: 48/63 MP: 16/16
  5985 | D:5      | Entered Level 5 of the Dungeon
  6329 | D:5      | Noticed Pikel
  6351 | D:5      | Killed Pikel
  6351 | D:5      | Reached XP level 9. HP: 30/69 MP: 9/18
  6695 | D:5      | Found Hoira's Antique Armour Shoppe.
  7380 | D:6      | Noticed Sigmund
  7418 | D:6      | Killed Sigmund
  7455 | D:6      | Found a staircase to the Ecumenical Temple.
  7484 | Temple   | Entered the Ecumenical Temple
  7702 | D:6      | Reached skill level 5 in Armour
  7875 | D:6      | Got an ichor-stained broad axe
  7876 | D:6      | Identified the +7 broad axe "Uneva Lygg" {freeze, rPois
                  | rN++ MR- Str+2} (You found it on level 6 of the Dungeon)
  8162 | D:7      | Found a sacrificial altar of Ru.
  8218 | D:7      | Found Avibboraru's Distillery.
  8265 | D:7      | Bought a potion of heal wounds for 70 gold pieces
  8364 | D:7      | Identified the Papyrus of the Invisible Coins
  8397 | D:7      | Learned a level 1 spell: Apportation
  8401 | D:7      | Learned a level 3 spell: Spectral Weapon
  8402 | D:7      | Reached skill level 5 in Invocations
  8724 | D:7      | Reached XP level 10. HP: 73/77 MP: 20/20
  8961 | D:8      | Noticed Joseph
  8970 | D:8      | Killed Joseph
  8985 | D:8      | Learned a level 4 spell: Summon Lightning Spire
  8999 | D:8      | Reached skill level 5 in Short Blades
  8999 | D:8      | Reached skill level 5 in Axes
  8999 | D:8      | Reached skill level 5 in Maces & Flails
  8999 | D:8      | Reached skill level 5 in Polearms
  8999 | D:8      | Reached skill level 5 in Staves
  8999 | D:8      | Reached skill level 5 in Slings
  8999 | D:8      | Reached skill level 5 in Bows
  8999 | D:8      | Reached skill level 5 in Crossbows
  8999 | D:8      | Reached skill level 5 in Throwing
  8999 | D:8      | Reached skill level 5 in Stealth
  8999 | D:8      | Reached skill level 5 in Shields
  8999 | D:8      | Reached skill level 5 in Unarmed Combat
  8999 | D:8      | Reached skill level 5 in Evocations
  9067 | D:8      | Noticed Gastronok
  9080 | D:8      | Killed Gastronok
  9130 | D:8      | Found Guebb's Weapon Shop.
  9248 | D:8      | Found an ancient bone altar of Kikubaaqudgha.
  9280 | D:8      | Reached XP level 11. HP: 41/84 MP: 22/22
  9448 | D:8      | Learned a level 2 spell: Blink
  9781 | D:9      | Found a radiant altar of Vehumet.
  9910 | D:9      | Found a basalt altar of Yredelemnul.
 10062 | D:9      | Reached skill level 5 in Conjurations
 10062 | D:9      | Reached skill level 5 in Hexes
 10062 | D:9      | Reached skill level 5 in Summonings
 10062 | D:9      | Reached skill level 5 in Necromancy
 10062 | D:9      | Reached skill level 5 in Translocations
 10062 | D:9      | Reached skill level 5 in Transmutations
 10062 | D:9      | Reached skill level 5 in Fire Magic
 10062 | D:9      | Reached skill level 5 in Ice Magic
 10062 | D:9      | Reached skill level 5 in Air Magic
 10062 | D:9      | Reached skill level 5 in Earth Magic
 10062 | D:9      | Reached skill level 5 in Poison Magic
 10468 | D:10     | Entered Level 10 of the Dungeon
 10482 | D:10     | Noticed a two-headed ogre
 10483 | D:10     | Noticed a green ugly thing
 10487 | D:10     | Noticed a purple ugly thing
 10504 | D:10     | Noticed a cyclops
 10512 | D:10     | Killed a cyan ugly thing
 10517 | D:10     | Killed a two-headed ogre
 10519 | D:10     | HP: 2/86 [cyclops (23)]
 10524 | D:10     | Killed a cyclops
 10807 | D:10     | Noticed Erolcha
 10812 | D:10     | Killed a green ugly thing
 10837 | D:10     | Killed Erolcha
 11186 | D:10     | Noticed an orc sorcerer
 11186 | D:10     | Noticed a deep elf mage
 11193 | D:10     | Killed an orc sorcerer
 11196 | D:10     | Killed a deep elf mage
 11568 | D:10     | Reached XP level 12. HP: 93/93 MP: 24/24
 11850 | D:10     | Found a staircase to the Lair.
 11851 | D:10     | Identified a scroll of acquirement
 11853 | D:10     | Got a faintly glowing cloak
 11859 | D:10     | Identified the +2 cloak of the Fisher {Str+5 Int-3} (You
                  | acquired it on level 10 of the Dungeon)
 12314 | D:11     | Noticed a seven-headed hydra
 12322 | D:11     | Slain by an 11-headed hydra

Levels and vault maps discovered:
D:1:      dpeg_arrival_round_c, layout_rooms, serial_forest,
          infiniplex_forest_fountain, infiniplex_forest_clump_medium,
          infiniplex_forest_clump_double, infiniplex_forest_straight_2,
          infiniplex_forest_corner_1, infiniplex_forest_clump_curved,
          minmay_misc_feat_cross
D:2:      layout_loops_ring
D:3:      layout_rooms, grunt_temple_overflow_gold_and_silver,
          gup_sewer_entry_spiral, uniq_robin, uniq_natasha
D:4:      minmay_goblin_kobold_castle, layout_basic, okawaru_ov_weapons_minmay,
          kennysheep_slug_shrine, uniq_menkaure, uniq_ijyb
D:5:      layout_basic, first_ration, serial_shops, shop, uniq_pikel
D:6:      layout_cave_pools, minmay_temple_entry_mist, uniq_sigmund
D:7:      layout_basic, nicolae_ru_sacrificial_ziggurat, serial_shops, shop
D:8:      layout_loops_ring, overflow_temple_1_default, serial_shops, shop,
          grunt_livestock, uniq_gastronok, uniq_joseph
D:9:      layout_stronghold, lemuel_doored_altar, vehumet_crystals,
          minmay_checkerbox
D:10:     minmay_the_grid_3x2 [minmay_the_grid_aliased_spiral,
          minmay_the_grid_plusring, minmay_the_grid_tri_star,
          minmay_the_grid_tree, minmay_the_grid_square_x,
          minmay_the_grid_prize_big_room], layout_long_grid, lair_entry_dummy,
          corexii_hall_statues_i, uniq_erolcha
D:11:     layout_roguey, gauntlet_entry_generic
Temple:   eino_narrow_crystal_temple

Skill      XL: |  1  2  3  4  5  6  7  8  9 10 11 12 |
---------------+-------------------------------------+-----
Spellcasting   | 5 6 7 8 |  8.5
Invocations    | 1 2 3 4 5 6 7 |  7.5
Short Blades   | 1 2 3 4 5 6 |  6.8
Axes           | 1 2 3 4 5 6 |  6.8
Maces & Flails | 1 2 3 4 5 6 |  6.8
Polearms       | 1 2 3 4 5 6 |  6.8
Staves         | 1 2 3 4 5 6 |  6.8
Slings         | 1 2 3 4 5 6 |  6.8
Bows           | 1 2 3 4 5 6 |  6.8
Crossbows      | 1 2 3 4 5 6 |  6.8
Throwing       | 1 2 3 4 5 6 |  6.8
Stealth        | 1 2 3 4 5 6 |  6.8
Shields        | 1 2 3 4 5 6 |  6.8
Unarmed Combat | 1 2 3 4 5 6 |  6.8
Evocations     | 1 2 3 4 5 6 |  6.8
Conjurations   | 1 2 3 4 5 |  5.6
Hexes          | 1 2 3 4 5 |  5.6
Summonings     | 1 2 3 4 5 |  5.6
Necromancy     | 1 2 3 4 5 |  5.6
Translocations | 1 2 3 4 5 |  5.6
Transmutations | 1 2 3 4 5 |  5.6
Fire Magic     | 1 2 3 4 5 |  5.6
Ice Magic      | 1 2 3 4 5 |  5.6
Air Magic      | 1 2 3 4 5 |  5.6
Earth Magic    | 1 2 3 4 5 |  5.6
Poison Magic   | 1 2 3 4 5 |  5.6
Armour         | 3 4 5 6 7 |  7.3
Fighting       | 5 6 7 8 |  8.3
Long Blades    | 5 6 7 8 |  8.3
Dodging        | 5 6 7 8 |  8.3
Charms         | 6 7 8 |  8.0

Action                   |  1- 3 |  4- 6 |  7- 9 | 10-12 || total
-------------------------+-------+-------+-------+-------++-------
Melee: Falchion          |    83 |   241 |       |       ||   324
       Bite              |     8 |    24 |    51 |    33 ||   116
       Spear             |       |     6 |   504 |       ||   510
       Punch             |       |       |    15 |     3 ||    18
       Broad axe         |       |       |    69 |   270 ||   339
Throw: Stone             |       |     1 |       |       ||     1
 Cast: Infusion          |     2 |     3 |     2 |       ||     7
       Song of Slaying   |       |     3 |     7 |     2 ||    12
       Call Imp          |       |       |     7 |       ||     7
       Regeneration      |       |       |     4 |     2 ||     6
       Shroud of Golubri |       |       |     8 |     5 ||    13
       Spectral Weapon   |       |       |       |     9 ||     9
       Summon Lightning  |       |       |       |     3 ||     3
       Blink             |       |       |       |     1 ||     1
Evoke: Wand              |       |       |       |     1 ||     1
  Use: Scroll            |       |       |    16 |     7 ||    23
       Potion            |       |       |       |     2 ||     2
 Stab: Sleeping          |       |     1 |       |     6 ||     7
       Distracted        |       |       |       |     4 ||     4
  Eat: Chunk             |     1 |     8 |       |       ||     9
       Ration            |       |     1 |     4 |     4 ||     9
Armor: Leather armour    |    13 |       |       |       ||    13
       Ring mail         |     3 |    94 |   201 |   112 ||   410
Dodge: Dodged            |    65 |   111 |   400 |   284 ||   860
Block: Shield            |    16 |   115 |     4 |       ||   135
       Rpst.: Falchion   |    25 |    36 |       |       ||    61

Table legend:
 A = Non-vault XP
 B = Vault XP
 C = Vault XP percentage of total XP
 D = Non-vault monster count
 E = Vault monster count
 F = Vault count percentage of total count
                 A         B        C        D         E       F
            +---------+---------+-------+---------+---------+-------
      Total |    7905 |   11765 |  59.8 |     194 |     102 |  34.5
            +---------+---------+-------+---------+---------+-------
        D:1 |      37 |       0 |   0.0 |      15 |       0 |   0.0
        D:2 |     156 |      48 |  23.5 |      26 |       7 |  21.2
        D:3 |     195 |      51 |  20.7 |      28 |      13 |  31.7
        D:4 |     145 |     683 |  82.5 |       9 |      52 |  85.2
        D:5 |     844 |     617 |  42.2 |      21 |       1 |   4.5
        D:6 |     679 |     212 |  23.8 |      13 |       1 |   7.1
        D:7 |    1292 |       0 |   0.0 |      25 |       0 |   0.0
        D:8 |    1180 |    3618 |  75.4 |      15 |       7 |  31.8
        D:9 |    1506 |     497 |  24.8 |      14 |       4 |  22.2
       D:10 |    1871 |    6039 |  76.3 |      28 |      17 |  37.8
            +---------+---------+-------+---------+---------+-------
